 Dungeon Crawl Stone Soup version 0.31-a0-925-g0a390f2509 (webtiles) character file.

Game seed: 10161323413402827412

156 Shayle the Trooper (level 5, 0/53 HPs)
             Began as an Ogre Hexslinger on Oct 19, 2023.
             Slain by an orc wizard
             ... wielding a +0 dagger
              (3 damage)
             ... on level 3 of the Dungeon.
             The game lasted 00:03:50 (2377 turns).

Shayle the Trooper (Ogre Hexslinger)                Turns: 2377, Time: 00:03:50

Health: 0/53       AC:  3    Str: 12    XL:     5   Next: 37%
Magic:  8/8        EV: 10    Int: 16    God:
Gold:   117        SH:  0    Dex: 11    Spells: 9/9 levels left

rFire   . . .        a - +1 sling
rCold   . . .        (no shield)
rNeg    . . .        c - +0 robe
rPois   .            (helmet restricted)
rElec   .            (no cloak)
rCorr   .            (gloves unavailable)
SInv    .            (boots unavailable)
Will    .....        (no amulet)
Stlth   +            (no ring)
HPRegen 0.28/turn    (no ring)
MPRegen 0.11/turn

%: no passive effects
@: confused
A: large, unfitting armour, tough skin 1
a: no special abilities


You were on level 3 of the Dungeon.
You visited 1 branch of the dungeon, and saw 3 of its levels.

You collected 117 gold pieces.

Inventory:

Hand Weapons
 a - a +1 sling (weapon)
Armour
 c - a +0 robe (worn)
 i - a scarf of harm
Scrolls
 b - a scroll of poison
 e - a scroll of identify
 g - a scroll of fog
 j - 2 scrolls of enchant weapon


   Skills:
 + Level 3.1 Fighting
 - Level 1.3 Ranged Weapons
 + Level 2.6 Dodging
 * Level 2.6 Unarmed Combat
 + Level 2.6 Spellcasting
 - Level 2.6 Hexes
 - Level 0.8 Fire Magic


You had 9 spell levels left.
You didn't know any spells.
Your spell library contained the following spells:

 Spells                   Type           Power      Damage    Failure   Level
 Jinxbite                 Hex            20%        N/A       10%         2
 Sigil of Binding         Hex            10%        N/A       19%         3
 Sting                    Tmut/Pois      8%         1d3       21%         1
 Inner Flame              Hex/Fire       7%         N/A       28%         3
 Cigotuvi's Dreadful Rot  Necr/Pois/Air  4%         N/A       30%         2
 Poisonous Vapours        Pois/Air       4%         N/A       30%         2
 Ignite Poison            Fire/Tmut/Pois 2%         N/A       45%         3
 Cause Fear               Hex            5%         N/A       54%         4
 Dimensional Bullseye     Hex/Tloc       3%         N/A       75%         4
 Olgreb's Toxic Radiance  Pois           2%         N/A       89%         4
 Freezing Cloud           Conj/Ice/Air   1%         6-21      99%         5


Dungeon Overview and Level Annotations

Branches:
Dungeon (3/15)

Altars:
Dithmenos


Innate Abilities, Weirdness & Mutations

You are too large for most types of armour.
You have tough skin. (AC +1)


Message History

The orc wizard gestures at you while chanting.
The magic dart hits you.
You're too confused to move!
The orc wizard hits you with a +0 dagger.
You bump into the rock wall.
The orc wizard casts a spell at you. The magic dart hits you!
* * * LOW HITPOINT WARNING * * *
You feel less confused.
You shoot a sling bullet. The sling bullet misses the orc wizard.
The orc wizard casts a spell at you. The magic dart hits you.
* * * LOW HITPOINT WARNING * * *
The orc wizard points at you and mumbles some strange words.
You resist with some effort.
You shoot a sling bullet.
The sling bullet closely misses the orc wizard.
The orc wizard points at you and mumbles some strange words.
The magic dart hits you but does no damage.
You shoot a sling bullet.
The sling bullet barely misses the orc wizard.
The orc wizard hits you but does no damage.
It was a potion of brilliance.
You feel clever all of a sudden.
The orc wizard hits you but does no damage.
It was a potion of cancellation.
Your magical effects are unravelling.
You feel magically purged.
You feel a little less clever now.
The orc wizard hits you with a +0 dagger.
* * * LOW HITPOINT WARNING * * *
You shoot a sling bullet.
The sling bullet closely misses the orc wizard.
The orc wizard gestures at you while chanting.
You are confused.
The orc wizard closely misses you.
You barely miss the orc wizard.
The orc wizard is almost dead.
The orc wizard hits you with a +0 dagger.
You die...

>.#.##... .####.#.###..#
#.#.#.#.# #.......#⌠#..#
#.#.#.#.# #.......###.##
#...#.#.###.#.#####.....#
#...............# ##.####
#.####..###.###.# #.#
...####.#....# #.# #.#
.........#.#.###o####.########
##.#####.#.#....@..........<.#
#+ #.#.#.########..#####.#
#)#.#.# ####..# #.# #.#.#.#
#.....# #)# ##.#.#.# #.##.##
#.# ## #..#.#.#####.##.#
##.###. ##..............#
##...##.
#............######.....#.
#..###.####..##.........#.


You could see an orc wizard.

Vanquished Creatures
  A hound (D:3)
  An orc wizard (D:3)
  4 adders
  2 worms (D:2)
  4 dart slugs
  3 orcs (D:3)
  3 ball pythons
  4 endoplasms
  3 giant cockroaches
  4 hobgoblins
  3 jackals (D:1)
  A quokka (D:2)
  A bat (D:2)
  2 frilled lizards
  7 goblins
  2 kobolds (D:2)
  5 rats
50 creatures vanquished.

Notes
Turn   | Place    | Note
-------+----------+-------------------------------------------
     0 | D:1      | Shayle the Ogre Hexslinger began the quest for the Orb.
     0 | D:1      | Reached XP level 1. HP: 19/19 MP: 2/2
    98 | D:1      | Reached XP level 2. HP: 24/28 MP: 2/4
   194 | D:1      | Reached skill level 1 in Unarmed Combat
   273 | D:1      | Reached skill level 2 in Fighting
   561 | D:1      | Reached XP level 3. HP: 35/35 MP: 5/5
  1117 | D:2      | Reached XP level 4. HP: 30/44 MP: 7/7
  1300 | D:2      | Found a shadowy altar of Dithmenos.
  1939 | D:3      | Reached XP level 5. HP: 49/52 MP: 8/8
  2165 | D:3      | Reached skill level 3 in Fighting
  2375 | D:3      | HP: 2/53 [orc wizard/+0 dagger (4)]
  2377 | D:3      | Slain by an orc wizard

Illustrated notes

Levels and vault maps discovered:
D:1:      sevenhm_arrival_forest_fort_large_2, layout_rooms, minivault_19
D:2:      layout_loops_ring, basic_altar
D:3:      layout_loops_ring, cheibrodos_worm_habitat, feat_on_display

Skill      XL: |  1  2  3  4  5 |
---------------+----------------+-----
Dodging        | 2 |  2.6
Unarmed Combat | 1 2 |  2.6
Fighting       | 2 3 |  3.1
Spellcasting   | 2 |  2.6
Ranged Weapons | |  1.3
Hexes          | |  2.6
Fire Magic     | |  0.8

Action                     |  1- 3 |  4- 6 || total
---------------------------+-------+-------++-------
  Melee: Sling             |       |     6 ||     6
   Fire: Sling             |   130 |   120 ||   250
    Use: Scroll            |       |     7 ||     7
         Potion            |       |     6 ||     6
 Armour: Robe              |    56 |   102 ||   158
  Dodge: Dodged            |    57 |    60 ||   117

Table legend: (Time is in decaauts)
 A = Elapsed time spent in this place.
 B = Non-inter-level travel time spent in this place.
 C = Inter-level travel time spent in this place.
 D = Time resting spent in this place.
 E = Time spent auto-exploring this place.
 F = Levels seen in this place.
 G = Mean time per level.
                   A        B        C        D        E       F      G
               +--------+--------+--------+--------+--------+-----+--------+
         Total |   2462 |   2308 |    154 |    155 |   1597 |   3 |  820.7 |
       Dungeon |   2462 |   2308 |    154 |    155 |   1597 |   3 |  820.7 |
               +--------+--------+--------+--------+--------+-----+--------+

Top non-repeatable levels by time:
     D:2: 989 daAuts
     D:1: 781 daAuts
     D:3: 692 daAuts
